 Dungeon Crawl Stone Soup version 0.21.0-3-g78d12a8 (webtiles) character file.

108 MTVSty1e the Cudgeler (level 4, -2/28 HPs)
             Began as a Gargoyle Fighter on Jan 14, 2018.
             Engulfed by a cloud of flame (24 damage)
             ... on level 2 of the Dungeon.
             The game lasted 00:02:26 (1463 turns).

MTVSty1e the Cudgeler (Gargoyle Fighter)            Turns: 1463, Time: 00:02:27

Health: -2/28      AC: 11    Str: 21    XL:     4   Next: 87%
Magic:  4/4        EV:  7    Int:  8    God:
Gold:   91         SH: 13    Dex:  9    Spells: 3/3 levels left

rFire    . . .     SeeInvis .   a - +0 flail
rCold    + . .     Gourm    .   c - +0 shield
rNeg     + . .     Faith    .   b - +0 scale mail
rPois    ∞         Spirit   .   n - +0 helmet
rElec    +         Reflect  +   (no cloak)
rCorr    .         Harm     .   (no gloves)
MR       .....                  (no boots)
Stlth    ..........             k - +4 amulet of reflection
HPRegen  0.09/turn              l - ring of protection from cold
MPRegen  0.09/turn              (no ring)

@: no status effects
A: negative energy resistance 1, electricity resistance, unbreathing,
petrification resistance, rot immunity, AC +3
a: no special abilities


You were on level 2 of the Dungeon.
You were not hungry.

You visited 1 branch of the dungeon, and saw 2 of its levels.

You collected 91 gold pieces.

Inventory:

Hand Weapons
 a - a +0 flail (weapon)
Armour
 b - a +0 scale mail (worn)
 c - a +0 shield (worn)
 n - a +0 helmet (worn)
Jewellery
 k - a +4 amulet of reflection (around neck)
 l - a ring of protection from cold (left hand)
Scrolls
 e - a scroll of remove curse
 h - a scroll of blinking
 i - a scroll of noise {unknown}
 j - a scroll of identify
Potions
 d - a potion of might
 g - a potion of berserk rage {unknown}
 m - 4 potions of mutation
 p - a potion of brilliance {unknown}
Comestibles
 f - 3 rations


   Skills:
 - Level 3.2 Fighting
 * Level 4.9 Maces & Flails
 - Level 3.2 Armour
 - Level 3.2 Shields


You had 3 spell levels left.
You didn't know any spells.

Dungeon Overview and Level Annotations

Branches:
Dungeon (2/15)

Altars:


Innate Abilities, Weirdness & Mutations

You are resistant to torment.
Your stone body is resilient. (AC +3)
You are immune to poison.
You resist negative energy. (rN+)
You are resistant to electric shocks. (rElec)
You can survive without breathing.
You are immune to petrification.
You are immune to rotting.


Message History

a hand axe; a scale mail No target in view!
You see here a whip.
Things that are here:
a flail; a leather armour All of the chunks of flesh in your inventory have rotted away.
Key pressed, stopping explore.
Key pressed, stopping explore.
No target in view!
You see here 20 arrows.
Key pressed, stopping explore.
No target in view!
Partly explored, can't reach some places.
Partly explored, can't reach some places.
Really walk into a travel-excluded area?
Found 8 gold pieces.
You are engulfed in blazing flames.
You are engulfed in blazing flames.
Ouch! That really hurt!
You die...

#.........##.....
#.........##.....
#........###...#.
##........###...##
#.(.......##....##
##.#########.......
#...# #...###..
#§§§# #..####..
#§@§# ###.##.....
#§§§# #......###)
#...#####.........)
...$.§§§..########.
§.?$..§§§..# #.
§§.$.$.§§§.## #.
####...##### ###
#§§§# #.. #.#


There were no monsters in sight!

Vanquished Creatures
  Terence (D:2)
  Robin (D:2)
  An adder (D:2)
  2 dart slugs (D:1)
  4 orcs (D:2)
  10 bats
  2 giant cockroaches (D:2)
  8 goblins (D:2)
  12 hobgoblins
  2 kobolds
  A quokka (D:2)
  2 frilled lizards (D:1)
  5 rats
51 creatures vanquished.

Vanquished Creatures (others)
  A rat (D:2)
1 creature vanquished.

Grand Total: 52 creatures vanquished

Notes
Turn   | Place    | Note
-------+----------+-------------------------------------------
     0 | D:1      | MTVSty1e the Gargoyle Fighter began the quest for the Orb.
     0 | D:1      | Reached XP level 1. HP: 14/14 MP: 1/1
     6 | D:1      | Noticed a rime drake
     7 | D:1      | Noticed a water moccasin
     7 | D:1      | Noticed a redback
    86 | D:1      | Reached XP level 2. HP: 13/19 MP: 2/2
   150 | D:1      | Reached skill level 3 in Maces & Flails
   447 | D:1      | Reached XP level 3. HP: 23/23 MP: 3/3
   899 | D:2      | Reached skill level 4 in Maces & Flails
  1162 | D:2      | Reached XP level 4. HP: 27/28 MP: 4/4
  1207 | D:2      | Noticed Robin
  1263 | D:2      | Killed Robin
  1414 | D:2      | Noticed Terence
  1420 | D:2      | Killed Terence
  1463 | D:2      | Engulfed by a cloud of flame

Skill      XL: |  1  2  3 |
---------------+----------+-----
Maces & Flails | 3 4 |  4.9
Fighting       | |  3.2
Armour         | |  3.2
Shields        | |  3.2

Action                   |  1- 3 |  4- 6 || total
-------------------------+-------+-------++-------
Melee: Flail             |   162 |    64 ||   226
  Use: Scroll            |     4 |       ||     4
  Eat: Chunk             |     1 |     1 ||     2
Armor: Scale mail        |    95 |    32 ||   127
Dodge: Dodged            |    62 |    15 ||    77
Block: Shield            |   128 |    56 ||   184
